 Dungeon Crawl Stone Soup version 0.29.1-2-gbd0b4ee654 (webtiles) character file.

Game seed: 7229187182391934988

3504 Groucho the Covert (level 9, -1/45 HPs)
             Began as a Spriggan Enchanter on Nov 4, 2022.
             Was an Initiate of Dithmenos.
             Slain by a vampire
             ... wielding a +0 vampiric halberd
              (9 damage)
             ... in a bailey.
             The game lasted 00:20:53 (17117 turns).

Groucho the Covert (Spriggan Enchanter)            Turns: 17117, Time: 00:20:54

Health: -1/45      AC:  2    Str:  8    XL:     9   Next: 80%
Magic:  17/20      EV: 20    Int: 17    God:    Dithmenos [......]
Gold:   239        SH:  0    Dex: 15    Spells: 11/22 levels left

rFire   . . .      SeeInvis +   p - +2 short sword (venom)
rCold   . . .      Faith    .   (no shield)
rNeg    . . .      Spirit   .   b - +0 robe
rPois   .          Reflect  .   (helmet restricted)
rElec   .          Harm     .   (no cloak)
rCorr   .          Rampage  .   (gloves unavailable)
Will    +....                   (boots unavailable)
Stlth   +++++.....              (no amulet)
HPRegen 0.15/turn               (no ring)
MPRegen 0.17/turn               (no ring)

@: confusing by touch, very quick
A: very small, no large weapons, unfitting armour, see invisible, speed 3
a: Renounce Religion


You were in a bailey.
You worshipped Dithmenos.
Dithmenos was noncommittal.
You visited 2 branches of the dungeon, and saw 8 of its levels.
You also visited: Bailey.

You collected 239 gold pieces.

Inventory:

Hand Weapons
 a - a +1 dagger
 p - a +2 short sword of venom (weapon)
Missiles
 l - 66 stones (quivered)
 q - a throwing net
Armour
 b - a +0 robe (worn)
 J - +0 steam dragon scales
Jewellery
 w - a ring of willpower
 G - a ring of fire
Wands
 i - a wand of light (5)
 y - a wand of flame (51)
 C - a wand of roots (4)
Scrolls
 d - 2 scrolls of silence {unknown}
 g - 3 scrolls of enchant armour {unknown}
 j - 2 scrolls of noise {unknown}
 k - 5 scrolls of butterflies {unknown}
 m - 3 scrolls of magic mapping {unknown}
 n - 2 scrolls of teleportation {unknown}
 r - 2 scrolls of summoning {unknown}
 t - a scroll of vulnerability {unknown}
 u - a scroll of poison {unknown}
 x - 5 scrolls of identify {unknown}
 A - 3 scrolls of immolation {unknown}
 D - a scroll of brand weapon {unknown}
 E - a scroll of blinking {unknown}
 F - a scroll of fear {unknown}
 I - a scroll of amnesia {unknown}
Potions
 c - 2 potions of invisibility
 e - 2 potions of curing
 f - a potion of degeneration
 h - a potion of might {unknown}
 o - a potion of cancellation {unknown}
 s - a potion of mutation {unknown}
 v - 2 potions of attraction
 z - a potion of brilliance
 B - a potion of haste {unknown}
 H - a potion of lignification {unknown}


   Skills:
 + Level 3.9 Fighting
 + Level 5.4 Short Blades
 + Level 7.1 Dodging
 * Level 12.7 Stealth
 + Level 7.1 Spellcasting
 + Level 7.6 Hexes


You had 11 spell levels left.
You knew the following spells:

 Your Spells              Type           Power      Damage    Failure   Level
a - Ensorcelled Hibernat  Hex/Ice        38%        N/A       3%          2
b - Confusing Touch       Hex            31%        N/A       1%          3
c - Dazzling Flash        Conj/Hex       38%        N/A       7%          3
d - Tukima's Dance        Hex            31%        N/A       1%          3

Your spell library contained the following spells:

 Spells                   Type           Power      Damage    Failure   Level
 Yara's Violent Unravell  Hex/Tmut       9%         3d6       54%         5
 Passage of Golubria      Tloc           6%         N/A       75%         4


Dungeon Overview and Level Annotations

Branches:
Dungeon (7/15)             Temple (1/1) D:6          Bailey (1/1)

Altars:
Ashenzari
Cheibriados
Dithmenos
Elyvilon
Fedhas
Gozag
Hepliaklqana
Kikubaaqudgha
Makhleb
Nemelex Xobeh
Okawaru
Qazlal
Ru
Sif Muna
Trog
Uskayaw
Vehumet
Wu Jian
Xom
Yredelemnul
Zin
The Shining One

Shops:
D:2 !=!(

Annotations:
D:4 2 transporters, Ivernyr's ghost, amateur OpTm


Innate Abilities, Weirdness & Mutations

You are very small and have problems with some larger weapons.
You are too small for most types of armour.
You have supernaturally acute eyesight. (SInv)
You cover ground extremely quickly. (Speed+++)


Message History

You impale the gargoyle!!
You destroy the gargoyle!
Dithmenos accepts your kill.
Your Dodging skill increases to level 7!
You see here a +0 mace.
You start resting.
Magic restored.
You start resting.
You feel a little less clever now.
You start resting.
HP restored.
You start waiting.
Done waiting.
You start waiting.
Done waiting.
You start waiting.
Done waiting.
Okay, then.
You open the large door.
A vampire comes into view. It is wielding a +0 vampiric halberd.
Found a runed helmet.
There is a large open door here.
Found 2 bubbling golden potions.
Casting: Confusing Touch (safe; 1% risk of failure)
Confirm with . or Enter, or press ? or * to list all spells.
Your hands begin to glow red.
The vampire hits you from afar with a +0 vampiric halberd!!
Found steam dragon scales.
You barely miss the vampire. The vampire misses you. The vampire bites you.
The vampire draws strength from your injuries!
You are too injured to fight recklessly!
You are too injured to fight recklessly!
You are too injured to fight recklessly!
You are too injured to fight recklessly!
You are too injured to fight recklessly!
You hit the vampire but do no damage.
The vampire hits you with a +0 vampiric halberd!
* * * LOW HITPOINT WARNING * * *
The vampire bites you!
You die...

#..#......######..
#).#...##...).....
#..#....##.....♣..
#..##....#........
#...##...##)♣.....
#8......##......♣.
######....##.........
##....##...#.........♣
#[..V@.##..#.....♣...♣
#8!.##...#..#...♣......
#[ ##..'..#.....♣....
#..'..#.......##+
#...#..#8..#####
.....##.8# ##
#8...###### #####


You could see a vampire.

Vanquished Creatures
  A two-headed ogre (D:6)
  A gargoyle (Bailey)
  An unseen horror (D:7)
  2 wyverns
  Edmund (D:4)
  A steam dragon (D:7)
  3 water moccasins
  2 ice beasts
  3 black bears
  A sky beast (D:6)
  An ogre (D:5)
  A kobold brigand (D:6)
  Blork the orc (D:5)
  A bullfrog (D:6)
  2 scorpions (D:5)
  A hound (D:7)
  A jelly (D:6)
  An orc priest (D:6)
  Jessica (D:2)
  3 iguanas
  5 orc wizards
  4 adders
  7 gnolls
  2 white imps
  2 ufetubi
  A worm (D:3)
  A dart slug (D:5)
  19 orcs
  4 bats
  5 endoplasms
  9 giant cockroaches
  6 goblins
  7 hobgoblins
  2 jackals (D:1)
  12 kobolds
  4 quokkas
  6 ball pythons
  A frilled lizard (D:3)
  3 orc zombies (Bailey)
  5 rats
134 creatures vanquished.

Notes
Turn   | Place    | Note
-------+----------+-------------------------------------------
     0 | D:1      | Groucho the Spriggan Enchanter began the quest for the Orb.
     0 | D:1      | Reached XP level 1. HP: 9/9 MP: 5/5
  1171 | D:1      | Found a faded altar of an unknown god.
  1196 | D:1      | Reached XP level 2. HP: 13/13 MP: 6/6
  1202 | D:1      | Reached skill level 5 in Stealth
  2980 | D:2      | Learned a level 2 spell: Ensorcelled Hibernation
  3536 | D:2      | Reached XP level 3. HP: 14/16 MP: 1/8
  3926 | D:2      | Found Reifaof's Jewellery Shoppe.
  3980 | D:2      | Found Kaurche's Antique Weapon Shop.
  4057 | D:2      | Noticed Jessica
  4855 | D:2      | Found Xakoamen's Distillery.
  4956 | D:2      | Found Luhobei's Distillery.
  4965 | D:2      | Killed Jessica
  4966 | D:2      | Reached skill level 6 in Stealth
  5572 | D:3      | Reached XP level 4. HP: 20/21 MP: 10/10
  7393 | D:4      | Reached XP level 5. HP: 24/24 MP: 8/11
  7402 | D:4      | Reached skill level 7 in Stealth
  7664 | D:4      | Found a glowing drain.
  7855 | D:4      | Found a transporter.
  7855 | D:4      | Noticed an orc warrior
  7856 | D:4      | Found a transporter.
  7856 | D:4      | Noticed Ivernyr's ghost (amateur OpTm)
  8078 | D:4      | Found a sparkling altar of Nemelex Xobeh.
  8298 | D:4      | Noticed a wyvern
  8306 | D:4      | Killed a wyvern
  8307 | D:4      | Reached skill level 1 in Fighting
  8307 | D:4      | Reached skill level 5 in Hexes
  8307 | D:4      | Reached XP level 6. HP: 30/30 MP: 6/13
  8961 | D:4      | Noticed Edmund
  9017 | D:4      | Learned a level 3 spell: Confusing Touch
  9021 | D:4      | Learned a level 3 spell: Dazzling Flash
  9025 | D:4      | Learned a level 3 spell: Tukima's Dance
  9292 | D:4      | Killed Edmund
  9293 | D:4      | Reached skill level 8 in Stealth
  9873 | D:5      | Entered Level 5 of the Dungeon
  9895 | D:5      | Reached XP level 7. HP: 16/33 MP: 9/14
 11470 | D:5      | Reached skill level 9 in Stealth
 11513 | D:5      | Reached skill level 5 in Spellcasting
 11964 | D:5      | Reached XP level 8. HP: 30/39 MP: 8/16
 12258 | D:5      | Noticed Blork the orc
 12267 | D:5      | Killed Blork the orc
 12708 | D:4      | Reached skill level 5 in Dodging
 13157 | D:5      | Reached skill level 10 in Stealth
 14067 | D:6      | Noticed a two-headed ogre
 14112 | D:6      | Killed a two-headed ogre
 14113 | D:6      | Reached skill level 11 in Stealth
 14113 | D:6      | Reached XP level 9. HP: 34/44 MP: 0/19
 14690 | D:6      | Found a bloodstained altar of Trog.
 14691 | D:6      | Found an ancient bone altar of Kikubaaqudgha.
 14855 | D:6      | Found a staircase to the Ecumenical Temple.
 14869 | Temple   | Entered the Ecumenical Temple
 15074 | Temple   | Became a worshipper of Dithmenos the Shadowed
 15940 | D:7      | Reached skill level 5 in Short Blades
 15940 | D:7      | Reached skill level 12 in Stealth
 16021 | D:7      | Found a stormy altar of Qazlal.
 16145 | D:7      | Noticed an unseen horror
 16150 | D:7      | Killed an unseen horror
 16190 | D:7      | Found a flagged portal.
 16326 | Bailey   | Entered a bailey
 16612 | Bailey   | Noticed a gargoyle
 16619 | Bailey   | HP: 1/45 [gargoyle/+0 mace (23)]
 16624 | Bailey   | Killed a gargoyle
 17117 | Bailey   | Slain by a vampire

Illustrated notes

Levels and vault maps discovered:
D:1:      elethiomel_arrival_shortcut, layout_basic,
          ebering_ecumenical_altar_mist
D:2:      layout_basic, serial_shops, nicolae_shop_waterfront, shop, shop,
          nicolae_lakefront_shop, uniq_jessica
D:3:      layout_basic, st_stairs_7
D:4:      layout_basic, nemelex_spade_bored_becter, gammafunk_ghost_arena,
          gup_sewer_entry_pipe, minmay_hedge_maze,
          chequers_serial_rivers_small_3, uniq_edmund
D:5:      layout_rooms, kennysheep_minor_cross, uniq_blork_the_orc
D:6:      layout_basic, nicolae_overflow_squiral,
          minmay_temple_entry_nine_rooms, serial_curves, eino_curves_03,
          eino_curves_01, eino_curves_03
D:7:      layout_rooms, grunt_qazlal_clouds, enter_bailey_4
Temple:   compressed_dpeg_circular_temple
Bailey:   bailey_polearm_vampire_castle_hellmonk, bailey

Skill      XL: |  1  2  3  4  5  6  7  8  9 |
---------------+----------------------------+-----
Stealth        | 5 6 7 8 9 11 12 | 12.7
Spellcasting   | 3 4 5 6 7 |  7.1
Hexes          | 4 5 6 7 |  7.6
Dodging        | 3 4 6 7 |  7.1
Fighting       | 1 2 3 |  3.9
Short Blades   | 2 3 4 5 |  5.4

Action                   |  1- 3 |  4- 6 |  7- 9 || total
-------------------------+-------+-------+-------++-------
Melee: Dagger            |   127 |    24 |       ||   151
       Short sword       |       |    63 |   146 ||   209
       Punch             |       |       |     3 ||     3
 Cast: Ensorcelled Hiber |    18 |    40 |    78 ||   136
       Confusing Touch   |       |     1 |    10 ||    11
  Use: Potion            |       |     3 |     7 ||    10
 Stab: Sleeping          |    14 |    30 |    44 ||    88
       Confused          |       |     1 |     9 ||    10
       Distracted        |       |       |     1 ||     1
Armor: Robe              |    12 |     3 |    10 ||    25
Dodge: Dodged            |   115 |    80 |   138 ||   333
